 Dungeon Crawl Stone Soup version 0.28.0-53-g5a82cb258f (webtiles) character file.

Game seed: 15427562024676424199

140188 Sin92 the Basher (level 16, -14/144 HPs)
             Began as a Demonspawn Fighter on June 9, 2022.
             Was the Champion of Okawaru.
             Killed from afar by a thorn hunter (37 damage)
             ... with a volley of thorns
             ... on level 4 of the Swamp.
             The game lasted 01:21:35 (33510 turns).

Sin92 the Basher (Demonspawn Fighter)              Turns: 33510, Time: 01:21:35

Health: -14/144    AC: 31    Str: 29      XL:     16   Next: 75%
Magic:  23/23      EV: 15    Int: 13      God:    Okawaru [******]
Gold:   2343       SH: 21    Dex: 22 (23) Spells: 15/15 levels left

rFire   . . .      SeeInvis +   Q - +7 flail of the Past {vorpal, rElec rC+ Dex+2}
rCold   + . .      Faith    .   c - +0 buckler
rNeg    . . .      Spirit   .   Z - +5 chain mail "Toprelik" {Str+2}
rPois   +          Reflect  +   (helmet unavailable)
rElec   +          Harm     .   g - +2 cloak
rCorr   +          Rampage  .   J - +0 pair of gloves
Will    ++...                   a - +0 pair of boots of the Good {Regen+ rCorr Str+3 Dex+3}
Stlth   ..........              z - amulet of reflection
HPRegen 1.14/turn               w - +6 ring of strength
MPRegen 0.18/turn               b - ring of poison resistance

@: very slow
A: antennae 3, yellow scales 2, icemail 1, condensation shield, demonic magic 3,
demonic willpower, beak, large bone plates 1, clever 1, deterioration 1, robust
1
a: Renounce Religion, Heroism, Finesse, Duel


You were on level 4 of the Swamp.
You worshipped Okawaru.
Okawaru was exalted by your worship.
You visited 5 branches of the dungeon, and saw 27 of its levels.
You also visited: Sewer and Bailey.

You collected 3126 gold pieces.
You spent 783 gold pieces at shops.

Inventory:

Hand Weapons
 Q - the +7 flail of the Past (weapon) {vorpal, rElec rC+ Dex+2}
   (You bought it in a shop on level 11 of the Dungeon)

   It inflicts extra damage upon your enemies.
   Dex:       It affects your dexterity (+2).
   rC:        It protects you from cold.
   rElec:     It insulates you from electricity.
 Y - the +7 hand axe of the Crushed Lies {pain, Str+6}
   (Okawaru gifted it to you on level 5 of the Lair of Beasts)

   In the hands of one skilled in necromantic magic, it inflicts extra damage on
   living creatures.
   Str:       It affects your strength (+6).
Missiles
 o - 29 javelins (quivered)
 t - 5 silver boomerangs
 C - 3 boomerangs
Armour
 a - the +0 pair of boots of the Good (worn) {Regen+ rCorr Str+3 Dex+3}
   (Okawaru gifted it to you on level 1 of the Orcish Mines)

   Str:       It affects your strength (+3).
   Dex:       It affects your dexterity (+3).
   Regen:     It increases your rate of health regeneration.
   rCorr:     It protects you from acid and corrosion.
 c - a +0 buckler (worn)
 g - a +2 cloak (worn)
 p - a +0 pair of boots
 J - a +0 pair of gloves (worn)
 K - a +2 chain mail of poison resistance
 Z - the +5 chain mail "Toprelik" (worn) {Str+2}
   (Okawaru gifted it to you on level 6 of the Lair of Beasts)

   Str:       It affects your strength (+2).
Jewellery
 b - a ring of poison resistance (right hand)
 i - a ring of resist corrosion
 n - a ring of fire
 r - a ring of flight
 w - a +6 ring of strength (left hand)
 y - a +4 ring of protection
 z - an amulet of reflection (around neck)
 B - a ring of willpower
 I - a ring of protection from fire
 S - a +6 ring of strength
Wands
 f - a wand of iceblast (6)
 q - a wand of polymorph (15)
 G - a wand of acid (19)
 X - a wand of digging (5)
Scrolls
 h - a scroll of teleportation
 l - a scroll of vulnerability
 m - 3 scrolls of immolation
 u - 3 scrolls of silence
 D - 3 scrolls of fear
 P - 2 scrolls of fog
 V - 2 scrolls of enchant weapon
 W - 9 scrolls of identify
Potions
 d - 3 potions of might
 e - a potion of magic
 j - 4 potions of heal wounds
 k - 7 potions of brilliance
 s - 6 potions of flight
 v - a potion of invisibility
 x - 4 potions of curing
 A - a potion of cancellation
 F - 4 potions of mutation
 L - 3 potions of haste
 T - 3 potions of attraction


   Skills:
 + Level 13.4 Fighting
 - Level 7.0(11.9) Axes
 * Level 14.8(15.4) Maces & Flails
 + Level 12.3 Armour
 + Level 9.4 Dodging
 + Level 12.3 Shields
 - Level 9.5 Invocations


You had 15 spell levels left.
You didn't know any spells.
Your spell library contained the following spells:

 Spells                   Type           Power      Damage    Failure   Level
 Foxfire                  Conj/Fire      0%         2x1d4     80%         1
 Corpse Rot               Necr/Air       0%         N/A       90%         2
 Poisonous Vapours        Pois/Air       0%         N/A       90%         2
 Sublimation of Blood     Necr           0%         N/A       90%         2
 Confusing Touch          Hex            0%         N/A       99%         3
 Conjure Flame            Conj/Fire      0%         6-21      99%         3
 Gell's Gravitas          Tloc           0%         N/A       99%         3
 Inner Flame              Hex/Fire       0%         N/A       99%         3
 Lesser Beckoning         Tloc           0%         N/A       99%         3
 Ozocubu's Armour         Ice            0%         N/A       99%         3
 Teleport Other           Tloc           0%         N/A       99%         3
 Flame Wave               Conj/Fire      0%         2d4       100%        4
 Petrify                  Tmut/Erth      0%         N/A       100%        4
 Irradiate                Conj/Tmut      0%         3d13      100%        5
 Metabolic Englaciation   Hex/Ice        0%         N/A       100%        5
 Yara's Violent Unravell  Hex/Tmut       0%         3d3       100%        5
 Enfeeble                 Hex            0%         N/A       100%        7
 Orb of Destruction       Conj           0%         9d5       100%        7
 Summon Small Mammal      Summ           Unusable   N/A       N/A         1
 Call Canine Familiar     Summ           Unusable   N/A       N/A         3
 Summon Guardian Golem    Hex/Summ       Unusable   N/A       N/A         3
 Simulacrum               Ice/Necr       Unusable   N/A       N/A         6
 Spellforged Servitor     Conj/Summ      Unusable   N/A       N/A         7

Dungeon Overview and Level Annotations

Branches:
Dungeon (14/15)            Temple (1/1) D:6            Lair (6/6) D:9
  Swamp (4/4) Lair:4        Snake (0/4) Lair:2        Slime (0/5) Lair:5
    Orc (2/2) D:10            Elf (0/3) Orc:2         Sewer (visited)
 Bailey (visited)
 Vaults: D:13-14

Altars:
Cheibriados
Elyvilon
Kikubaaqudgha
Makhleb
Okawaru
Ru
Uskayaw
Vehumet
Wu Jian
Yredelemnul

Shops:
D:4 (   D:7 !   D:8 *   D:11 (   Orc:2 [=*!

Portals:
Pandemonium: Orc:2
Trove: D:12 (give +4 demon blade)

Annotations:
D:13 Azrael, Jorgrun, Kirke
Swamp:4 Mlioglotl


Innate Abilities, Weirdness & Mutations

You have a pair of large antennae on your head. (SInv)
You are mostly covered in yellow scales. (AC +3)
A meltable icy envelope protects you from harm. (AC +4)
A meltable shield of frost defends you. (SH +4)
Spells you cast and wands you use may paralyse nearby enemies.
You punish those that try to bend your will. (Will+)
You have a beak for a mouth.
You are partially covered in large bone plates. (SH +4)
Your mind is acute. (Int +2)
Your body sometimes deteriorates upon taking damage.
You are robust. (+10% HP)


Message History

The thorn hunter hits the briar patch!
The briar patch is destroyed!
The thorn hunter fires a volley of thorns at you.
The volley of thorns misses you.
You hit the briar patch but do no damage.
The briar patch crumbles away. x2
The thorn hunter gestures.
Unknown command.
You are struck by the briar patch's thorns.
You hit the briar patch but do no damage.
Your unstable footing causes you to fumble your attack.
The thorn hunter fires a volley of thorns at you.
The volley of thorns reflects off an invisible shield around you!
The volley of thorns hits the briar patch!!!
You destroy the briar patch!
Unknown command.
Your unstable footing causes you to fumble your attack.
The thorn hunter fires a volley of thorns at you.
The volley of thorns misses you.
You are struck by the briar patch's thorns.
You hit the briar patch.
You peck the briar patch, but do no damage.
The briar patch is moderately damaged.
The briar patch crumbles away.
The thorn hunter fires a volley of thorns at you.
The volley of thorns hits you!!
* * * LOW HITPOINT WARNING * * *
You hit the briar patch. You peck the briar patch.
You destroy the briar patch!
The thorn hunter fires a volley of thorns at you.
The volley of thorns hits you!
* * * LOW HITPOINT WARNING * * *
The briar patch crumbles away. x2
The thorn hunter fires a volley of thorns at you.
The volley of thorns reflects off an invisible shield around you!
The volley of thorns hits the thorn hunter!!
A swamp drake comes into view.
The thorn hunter fires a volley of thorns at you.
The volley of thorns hits you!!!
You die...

....≈≈≈...
k≈.≈≈≈≈..≈
.≈≈≈≈≈§P.♣
≈≈≈≈≈≈≈PP
§§≈≈.≈≈PP
≈≈≈§(≈≈P♣♣♣♣
.≈..≈≈f)P♣≈♣♣
....≈≈≈@≈≈≈.♣
≈...§P≈≈P≈≈♣♣
≈.(.≈≈....♣♣
..≈≈§≈.≈§♣♣
≈≈≈≈≈..♣♣♣
≈≈.$≈.≈
..≈♣^.♣
♣≈♣♣♣♣


You could see a thorn hunter and a swamp drake (wandering).

Vanquished Creatures
  Nikola (Swamp:1)
  Rupert (D:12)
  Donald (Swamp:2)
  A fenstrider witch (Swamp:3)
  Aizul (Swamp:2)
  The ghost of Kyahe the Fighter, a journeyman MiHu of Uskayaw (Lair:6)
  2 eleionomae
  2 bunyips
  A shambling mangrove (Swamp:2)
  A fire dragon (Lair:6)
  Josephine (D:10)
  Erolcha (D:13)
  2 boulder beetles
  17 hydras
  An ogre mage (D:11)
  5 ghost crabs
  A centaur warrior (D:14)
  Erica (Lair:2)
  2 demonspawn (Orc:2)
  5 two-headed ogres
  5 alligators
  9 death yaks
  5 orc high priests (Orc:2)
  Sonja (Lair:4)
  A sixfirhy (Orc:2)
  A goliath frog (Swamp:1)
  A death drake (Swamp:4)
  A deep troll (Orc:2)
  4 bog bodies
  11 swamp dragons
  A lindwurm (Swamp:4)
  A deep elf pyromancer (D:12)
  4 orc knights (Orc:2)
  10 orc sorcerers
  2 ugly things (D:12)
  2 will-o-the-wisps
  An oklob plant (Lair:4)
  A wolf spider (Lair:6)
  5 cyclopes
  Joseph (D:8)
  10 black mambas
  18 elephants
  A guardian serpent (Lair:6)
  A torpor snail (Lair:5)
  A smoke demon (Orc:2)
  A gargoyle (D:12)
  15 cane toads
  An unseen horror (D:13)
  11 komodo dragons
  An efreet (D:10)
  2 rime drakes
  3 trolls
  10 tyrant leeches
  A polar bear (Lair:6)
  17 hornets
  Grinder (D:6)
  32 blink frogs
  11 dream sheep
  5 slime creatures (D:11)
  8 spriggans
  17 wyverns
  57 yaks
  4 basilisks
  Grum (D:10)
  4 hogs
  2 neqoxecs (Orc:2)
  8 wraiths
  A redback (Lair:6)
  7 nagas (Lair:2)
  14 swamp worms
  3 wargs
  6 vampire mosquitoes (D:12)
  3 acid dragons
  Duvessa (D:6)
  23 water moccasins
  9 swamp drakes
  2 ice beasts
  A black bear (Lair:6)
  35 orc warriors
  A boggart (Lair:6)
  4 necrophages
  14 wolves
  10 ogres
  13 centaurs
  A phantom (D:4)
  2 kobold brigands
  2 gnoll sergeants
  6 bullfrogs
  A wyvern zombie (D:6)
  A scorpion (Lair:2)
  Dowan (D:6)
  7 wights
  8 killer bees
  5 electric eels (Lair:2)
  4 howler monkeys
  2 lava snakes (Lair:2)
  A bullfrog zombie (D:5)
  2 centaur zombies
  3 hounds
  5 jellies
  20 orc priests
  5 iguanas
  21 orc wizards
  A killer bee zombie (D:7)
  21 gnolls
  15 adders
  12 river rats
  An adder skeleton (D:4)
  6 worms
  3 dart slugs
  86 orcs
  6 bats
  14 endoplasms
  8 giant cockroaches
  11 goblins
  6 hobgoblins
  3 jackals (D:4)
  15 kobolds
  13 quokkas
  7 ball pythons
  12 frilled lizards
  20 rats
  3 briar patches (Swamp:4)
865 creatures vanquished.

Vanquished Creatures (others)
  A hydra (Swamp:4)
  A spriggan berserker (Swamp:4)
  A spriggan druid (Swamp:4)
  A goliath frog (Swamp:1)
  A swamp dragon (Swamp:4)
  2 lindwurms (Swamp:4)
  A tyrant leech (Swamp:4)
  2 bloated husks
  2 hornets (Swamp:4)
  3 spriggans
  An orc priest (Orc:2)
  4 briar patches (Swamp:4)
  2 bushes (Lair:6)
  8 foxfires
  24 fungi
  117 plants
171 creatures vanquished.

Grand Total: 1036 creatures vanquished

Notes
Turn   | Place    | Note
-------+----------+-------------------------------------------
     0 | D:1      | Sin92 the Demonspawn Fighter began the quest for the Orb.
     0 | D:1      | Reached XP level 1. HP: 18/18 MP: 1/1
   130 | D:1      | Gained mutation: You are partially covered in yellow
                  | scales. (AC +2) [demonic ancestry]
   130 | D:1      | Reached XP level 2. HP: 24/24 MP: 2/2
   478 | D:1      | Gained mutation: You have a pair of small antennae on your
                  | head. [demonic ancestry]
   478 | D:1      | Reached XP level 3. HP: 28/29 MP: 3/3
   583 | D:2      | Reached skill level 1 in Dodging
  1150 | D:2      | Reached XP level 4. HP: 35/35 MP: 4/4
  1897 | D:3      | Found a faded altar of an unknown god.
  1960 | D:3      | Gained mutation: Spells you cast may paralyse adjacent
                  | enemies. [demonic ancestry]
  1960 | D:3      | Reached XP level 5. HP: 23/36 MP: 5/5
  2340 | D:3      | Reached skill level 1 in Maces & Flails
  2984 | D:4      | Reached XP level 6. HP: 48/48 MP: 6/6
  3617 | D:4      | Reached skill level 2 in Maces & Flails
  3920 | D:4      | Found Zismakin's Antique Weapon Boutique.
  3972 | D:5      | Entered Level 5 of the Dungeon
  4018 | D:5      | Gained mutation: You have a pair of antennae on your head.
                  | [demonic ancestry]
  4018 | D:5      | Reached XP level 7. HP: 54/54 MP: 7/7
  4355 | D:5      | Found a glowing drain.
  4384 | Sewer    | Entered a sewer
  4893 | Sewer    | Found a viscous altar of Jiyva.
  5214 | D:5      | Reached skill level 3 in Maces & Flails
  5214 | D:5      | Gained mutation: A meltable shield of frost defends you.
                  | (SH +4) [demonic ancestry]
  5214 | D:5      | Reached XP level 8. HP: 44/61 MP: 8/8
  6166 | D:6      | Noticed Grinder
  6179 | D:6      | Killed Grinder
  6180 | D:6      | Reached skill level 5 in Fighting
  6653 | D:6      | Reached skill level 5 in Armour
  6871 | D:6      | Noticed Duvessa
  6871 | D:6      | Noticed Dowan
  6888 | D:6      | Killed Dowan
  6905 | D:6      | Killed Duvessa
  6906 | D:6      | Reached skill level 5 in Axes
  6906 | D:6      | Reached skill level 5 in Shields
  7100 | D:6      | Found a staircase to the Ecumenical Temple.
  7106 | D:6      | Identified the +0 long sword "Killer Klown's Regret"
                  | {vorpal, rN+ Dex+7}
  7121 | Temple   | Entered the Ecumenical Temple
  7174 | Temple   | Became a worshipper of Warmaster Okawaru
  7199 | D:6      | Reached skill level 4 in Maces & Flails
  7199 | D:6      | Gained mutation: Spells you cast may paralyse nearby
                  | enemies. [demonic ancestry]
  7199 | D:6      | Reached XP level 9. HP: 64/69 MP: 9/9
  7354 | D:6      | Noticed a two-headed ogre
  7372 | D:6      | Killed a two-headed ogre
  7372 | D:6      | Reached * piety under Okawaru
  7607 | D:4      | Bought a glowing broad axe for 217 gold pieces
  8133 | D:7      | Found Upno's Distillery.
  8144 | D:7      | Reached skill level 1 in Invocations
  9046 | D:8      | Reached ** piety under Okawaru
  9047 | D:8      | Reached skill level 5 in Dodging
  9415 | D:8      | Found Benurch's Bounteous Boutique.
  9421 | D:8      | Noticed Joseph
  9443 | D:8      | Killed Joseph
  9444 | D:8      | Reached skill level 5 in Maces & Flails
  9444 | D:8      | Gained mutation: You punish those that try to bend your
                  | will. (Will+) [demonic ancestry]
  9444 | D:8      | Reached XP level 10. HP: 40/77 MP: 10/12
  9999 | D:8      | Paralysed by a hornet for 1 turns
 10003 | D:8      | Paralysed by a hornet for 3 turns
 11093 | D:9      | Reached *** piety under Okawaru
 11285 | D:9      | Found a staircase to the Lair.
 11973 | D:10     | Entered Level 10 of the Dungeon
 12018 | D:9      | Gained mutation: You are partially covered in large bone
                  | plates. (SH +4) [potion of mutation]
 12018 | D:9      | Gained mutation: You have a beak for a mouth. [potion of
                  | mutation]
 12018 | D:9      | Gained mutation: You are robust. (+10% HP) [potion of
                  | mutation]
 12018 | D:9      | Gained mutation: Your mind is acute. (Int +2) [potion of
                  | mutation]
 12469 | D:10     | Reached **** piety under Okawaru
 12517 | D:10     | Found a flagged portal.
 12534 | Bailey   | Entered a bailey
 12977 | Bailey   | Reached skill level 5 in Invocations
 13289 | Bailey   | Gained mutation: You are mostly covered in yellow scales.
                  | (AC +3) [demonic ancestry]
 13289 | Bailey   | Reached XP level 11. HP: 55/92 MP: 14/14
 13386 | Bailey   | Reached skill level 6 in Maces & Flails
 13997 | D:10     | Reached ***** piety under Okawaru
 14107 | D:10     | Noticed Josephine
 14155 | D:10     | Killed Josephine
 14323 | D:10     | Reached skill level 7 in Maces & Flails
 14323 | D:10     | Gained mutation: A meltable icy envelope protects you from
                  | harm. (AC +4) [demonic ancestry]
 14323 | D:10     | Reached XP level 12. HP: 49/103 MP: 16/16
 14708 | D:10     | Found a staircase to the Orcish Mines.
 14723 | D:10     | Noticed Grum
 14755 | D:10     | Killed Grum
 14988 | D:11     | Found Fihuging's Antique Weapon Shoppe.
 14993 | D:11     | Bought a masterwork flail for 246 gold pieces
 14993 | D:11     | Identified the +7 flail of the Past {vorpal, rElec rC+
                  | Dex+2} (You bought it in a shop on level 11 of the Dungeon)
 15162 | D:11     | Reached skill level 8 in Maces & Flails
 15343 | D:11     | Noticed a two-headed ogre
 15344 | D:11     | Noticed an ogre mage
 15346 | D:11     | Noticed a two-headed ogre
 15360 | D:11     | Noticed a two-headed ogre
 15364 | D:11     | Killed a two-headed ogre
 15364 | D:11     | Identified the +1 hat of the Gate {rCorr} (Okawaru gifted
                  | it to you on level 11 of the Dungeon)
 15364 | D:11     | Received a gift from Okawaru
 15368 | D:11     | Noticed a seven-headed hydra
 15374 | D:11     | Killed a two-headed ogre
 15387 | D:11     | Killed a seven-headed hydra
 15396 | D:11     | Killed an ogre mage
 15396 | D:11     | Reached ****** piety under Okawaru
 15400 | D:11     | Killed a two-headed ogre
 15401 | D:11     | Reached skill level 9 in Maces & Flails
 15401 | D:11     | Reached XP level 13. HP: 71/113 MP: 17/17
 15559 | D:11     | You fall into a shaft and drop 3 floors!
 15575 | D:14     | Reached skill level 10 in Fighting
 15640 | D:13     | Noticed Jorgrun
 15650 | D:13     | Noticed Erolcha
 15663 | D:13     | Killed Erolcha
 15811 | D:13     | Noticed Azrael
 15818 | D:13     | Noticed Kirke
 16091 | D:12     | Found a portal to a secret trove of treasure.
 16868 | D:12     | Reached skill level 10 in Maces & Flails
 17210 | D:13     | Noticed Rupert
 17218 | D:13     | Received a gift from Okawaru
 17235 | D:12     | Paralysed by Rupert for 2 turns
 17265 | D:12     | Paralysed by Rupert for 4 turns
 17272 | D:12     | Killed Rupert
 17681 | Lair:1   | Entered Level 1 of the Lair of Beasts
 18533 | Lair:2   | Noticed Erica
 18543 | Lair:2   | Killed Erica
 19140 | Lair:2   | Identified the +1 scale mail of Sunlight {Harm rF- Will-
                  | SInv} (Okawaru gifted it to you on level 2 of the Lair of
                  | Beasts)
 19140 | Lair:2   | Received a gift from Okawaru
 19145 | Lair:2   | Reached skill level 10 in Armour
 19303 | Lair:2   | Found a staircase to the Snake Pit.
 19846 | Lair:2   | Reached skill level 11 in Maces & Flails
 19846 | Lair:2   | Reached skill level 10 in Shields
 20325 | Lair:3   | Gained mutation: You have a pair of large antennae on your
                  | head. (SInv) [demonic ancestry]
 20325 | Lair:3   | Reached XP level 14. HP: 115/124 MP: 18/18
 21762 | Lair:4   | Found a basalt altar of Yredelemnul.
 22204 | Lair:4   | Noticed Sonja
 22209 | Lair:4   | Killed Sonja
 22668 | Lair:4   | Found a staircase to the Swamp.
 23156 | Lair:5   | Identified the +7 hand axe of the Crushed Lies {pain,
                  | Str+6} (Okawaru gifted it to you on level 5 of the Lair of
                  | Beasts)
 23156 | Lair:5   | Received a gift from Okawaru
 23386 | Lair:5   | Reached skill level 12 in Maces & Flails
 23449 | Lair:5   | Found an ornate altar of the Wu Jian Council.
 23449 | Lair:5   | Found a hide-covered altar of Uskayaw.
 23827 | Lair:5   | Found a staircase to the Slime Pits.
 24145 | Lair:6   | Entered Level 6 of the Lair of Beasts
 24709 | Lair:6   | Identified the +5 chain mail "Toprelik" {Str+2} (Okawaru
                  | gifted it to you on level 6 of the Lair of Beasts)
 24709 | Lair:6   | Received a gift from Okawaru
 24876 | Lair:6   | Gained mutation: Spells you cast and wands you use may
                  | paralyse nearby enemies. [demonic ancestry]
 24876 | Lair:6   | Reached XP level 15. HP: 88/132 MP: 20/20
 25772 | Lair:6   | Found a runed translucent door.
 25801 | Lair:6   | Identified the +7 trident of Noxious Blind Justice {drain,
                  | rPois Int+2}
 25802 | Lair:6   | Noticed Kyahe's ghost (journeyman MiHu)
 26034 | Lair:6   | Reached skill level 13 in Maces & Flails
 26935 | Lair:6   | Identified the +5 falchion "Cygev" {venom, Str+3}
 27321 | Lair:6   | Killed Kyahe's ghost
 27596 | Orc:1    | Entered Level 1 of the Orcish Mines
 27806 | Orc:1    | Identified the +0 pair of boots of the Good {Regen+ rCorr
                  | Str+3 Dex+3} (Okawaru gifted it to you on level 1 of the
                  | Orcish Mines)
 27806 | Orc:1    | Received a gift from Okawaru
 28033 | Orc:2    | Entered Level 2 of the Orcish Mines
 28193 | Orc:2    | Found Filaemoy's Distillery.
 28211 | Orc:2    | Found Aqafefag's General Store.
 28256 | Orc:2    | Gained mutation: Your body sometimes deteriorates upon
                  | taking damage. [a neqoxec]
 28599 | Orc:2    | Found Pieckemp's Antique Armour Shoppe.
 28599 | Orc:2    | Found Eleuloh's Jewellery Emporium.
 28600 | Orc:2    | Found a one-way gate leading to the halls of Pandemonium.
 28707 | Orc:2    | Found a staircase to the Elven Halls.
 29551 | Swamp:1  | Entered Level 1 of the Swamp
 29792 | Orc:2    | Bought a ring of poison resistance for 320 gold pieces
 30074 | Swamp:1  | Reached XP level 16. HP: 113/141 MP: 23/23
 30247 | Swamp:1  | Identified the +1 rapier "Yjo Gecs" {freeze, Fragile rCorr
                  | Dex+5}
 30620 | Swamp:2  | Received a gift from Okawaru
 30631 | Swamp:2  | Reached skill level 14 in Maces & Flails
 30639 | Swamp:2  | Noticed Aizul
 30643 | Swamp:2  | Noticed Donald
 30659 | Swamp:2  | Killed Aizul
 30680 | Swamp:2  | Killed Donald
 30783 | Swamp:2  | Noticed Nikola
 31016 | Swamp:1  | Killed Nikola
 32173 | Swamp:4  | Entered Level 4 of the Swamp
 32203 | Swamp:4  | Noticed a thorn hunter
 32672 | Swamp:3  | Received a gift from Okawaru
 33095 | Swamp:4  | Noticed Mlioglotl
 33191 | Swamp:4  | Received a gift from Okawaru
 33476 | Swamp:4  | Noticed a bone dragon
 33510 | Swamp:4  | Killed from afar by a thorn hunter

Illustrated notes

Levels and vault maps discovered:
D:1:      dpeg_arrival_connections, layout_rooms, serial_park_tiny_1
D:2:      layout_loops_ring, chequers_serial_rivers_large_b, minivault_11,
          due_unseen_surprise
D:3:      minmay_recursive_quarters, layout_rooms, basic_ecumenical_altar
D:4:      layout_basic, mainiacjoe_overflow_tiny_flanked, serial_shops,
          nicolae_lakefront_shop
D:5:      layout_layer_cave, portal_sewer_entry_f, columned_hall_lemuel
D:6:      lemuel_ratsnest, layout_loops_ring, temple_green, uniq_grinder,
          uniq_duvessa
D:7:      layout_basic, serial_shops, shop_fountains
D:8:      layout_basic, nicolae_alphabet_shops, uniq_joseph
D:9:      minmay_goldmine, layout_rooms, david_lair_shrubbed, serial_glass,
          glass_columns_b, glass_columns_a, glass_columns_b, glass_columns_c,
          glass_columns_b, glass_columns_c, glass_columns_a, glass_columns_b,
          glass_columns_a, glass_columns_b
D:10:     layout_cave_pools, orc_0_dummy, enter_bailey_2, uniq_grum,
          uniq_josephine
D:11:     layout_big_octagon, serial_shops, nicolae_shop_hallway_plus
D:12:     layout_long_grid, enter_trove_1
D:13:     layout_cave_pools, hangedman_decor_diamond_cutter, uniq_snorg,
          uniq_rupert, uniq_azrael, uniq_erolcha, uniq_kirke, uniq_jorgrun
D:14:     layout_stronghold, david_vaults_1, serial_undead, serial_undead_b,
          serial_undead_e, serial_undead_f, serial_undead_b,
          minmay_misc_feat_tiny
Temple:   mainiacjoe_temple_circle_huts
Lair:1:   layout_chaotic_city
Lair:2:   layout_cave_pods, minmay_snake_entry_guardpost_large,
          nicolae_lair_lil_pond, nicolae_lair_liquid_snakes,
          serial_bayou_shore_a, uniq_erica
Lair:3:   layout_chaotic_city, chequers_serial_rivers_large_a,
          nzn_sisyphean_effort, lemuel_fruit_fields
Lair:4:   layout_roguey, swamp_mist, lemuel_oklob_altar, uniq_sonja
Lair:5:   layout_hall_layers, dpeg_slime_entry_corner,
          nzn_masters_of_martial_movement, grunt_megastairs_1
Lair:6:   guppyfry_lair_end_dragon, layout_cave_pods,
          hangedman_lair_tendril_chambers, ebering_ghost_funeral_grove,
          infiniplex_staircase_pool_2
Swamp:1:  layout_falls_marsh, evilmike_swamp_ruin_house_2
Swamp:2:  layout_basic_swamp, nicolae_swamp_decorative_isthmus, uniq_aizul,
          uniq_donald, uniq_nikola
Swamp:3:  nicolae_swamp_long_stream, layout_falls_marsh,
          nicolae_swamp_fairy_circle
Swamp:4:  swamp_alternative, layout_basic_swamp,
          nicolae_swamp_necromancy_gone_wrong, uniq_mlioglotl
Orc:1:    layout_caves
Orc:2:    pf_orc_diabolical, layout_caves, guppyfry_orc_lava_fort

Skill      XL: |  1  2  3  4  5  6  7  8  9 10 11 12 13 14 15 16 |
---------------+-------------------------------------------------+-----
Axes           | 2 3 4 5 6 7 |  7.0
Dodging        | 1 2 3 4 5 6 7 8 9 |  9.4
Shields        | 3 4 5 6 8 10 11 12 | 12.3
Armour         | 3 4 5 6 8 9 10 11 12 | 12.3
Maces & Flails | 1 2 3 4 5 7 9 11 12 13 14 | 14.8
Fighting       | 4 5 6 7 8 9 11 12 13 | 13.4
Invocations    | 2 5 6 7 9 |  9.5

Action                   |  1- 3 |  4- 6 |  7- 9 | 10-12 | 13-15 | 16-18 || total
-------------------------+-------+-------+-------+-------+-------+-------++-------
Melee: War axe           |   105 |    38 |       |       |       |       ||   143
       Whip              |       |   197 |   510 |   654 |       |       ||  1361
       Peck              |       |       |       |   146 |   480 |   158 ||   784
       Flail             |       |       |       |   125 |  1743 |   608 ||  2476
Throw: Javelin           |       |       |       |     4 |       |     1 ||     5
Invok: Finesse           |       |       |       |       |     3 |     3 ||     6
  Use: Scroll            |       |    12 |     3 |     7 |     6 |     8 ||    36
       Potion            |       |       |       |     9 |     5 |     4 ||    18
 Stab: Confused          |       |       |       |       |       |     3 ||     3
Armor: Scale mail        |    56 |   103 |     6 |       |       |       ||   165
       Plate armour      |       |       |   219 |   288 |       |       ||   507
       Chain mail        |       |       |       |    86 |   590 |   327 ||  1003
Dodge: Dodged            |    52 |    92 |   125 |   257 |   482 |   267 ||  1275
Block: Buckler           |    21 |    36 |   184 |   707 |  1619 |   623 ||  3190
       Reflection        |       |       |       |       |    25 |     9 ||    34
